 Dungeon Crawl Stone Soup version 0.30-a0-140-gd1020e658a (webtiles) character file.

Game seed: 18165622392050280230

84 bande the Trooper (level 4, -2/29 HPs)
             Began as a Gargoyle Fighter on Sept 25, 2022.
             Slain by Grinder (3 damage)
             ... on level 3 of the Dungeon.
             The game lasted 00:03:11 (2547 turns).

bande the Trooper (Gargoyle Fighter)                Turns: 2547, Time: 00:03:13

Health: -2/29      AC: 11    Str: 19    XL:     4   Next: 46%
Magic:  4/4        EV:  9    Int:  9    God:
Gold:   108        SH:  4    Dex: 11    Spells: 3/3 levels left

rFire   . . .      SeeInvis .    a - +1 war axe
rCold   . . .      Faith    .    c - +0 buckler
rNeg    + . .      Spirit   .    b - +0 scale mail
rPois   ∞          Reflect  .    (no helmet)
rElec   +          Harm     .    (no cloak)
rCorr   .          Rampage  .    j - +0 pair of gloves
Will    .....                    (no boots)
Stlth   ..........               (no amulet)
HPRegen 0.09/turn                (no ring)
MPRegen 0.09/turn                (no ring)

@: no status effects
A: sickness immunity, AC +3, negative energy resistance 1, electricity
resistance, torment resistance 1, petrification resistance
a: no special abilities


You were on level 3 of the Dungeon.
You visited 1 branch of the dungeon, and saw 3 of its levels.

You collected 108 gold pieces.

Inventory:

Hand Weapons
 a - a +1 war axe (weapon)
Armour
 b - a +0 scale mail (worn)
 c - a +0 buckler (worn)
 j - a +0 pair of gloves (worn)
Jewellery
 o - a ring of protection from fire
Potions
 d - a potion of might
 e - 2 potions of mutation
 f - 2 potions of haste
 g - 3 potions of curing {unknown}
 h - a potion of cancellation {unknown}
 i - a potion of berserk rage {unknown}
 k - 2 potions of flight {unknown}
 l - 2 potions of degeneration {unknown}
 m - 3 potions of invisibility


   Skills:
 + Level 3.8 Fighting
 + Level 3.1 Axes
 + Level 3.7 Armour
 + Level 3.7 Shields


You had 3 spell levels left.
You didn't know any spells.
Your spell library contained the following spells:

 Spells                   Type           Power      Damage    Failure   Level
 Gell's Gravitas          Tloc           0%         N/A       99%         3
 Summon Guardian Golem    Hex/Summ       0%         N/A       99%         3
 Teleport Other           Tloc           0%         N/A       99%         3
 Dispersal                Tloc           0%         N/A       100%        6
 Orb of Destruction       Conj           0%         9d5       100%        7
 Spellforged Servitor     Conj/Summ      0%         N/A       100%        7


Dungeon Overview and Level Annotations

Branches:
Dungeon (3/15)

Altars:

Shops:
D:2 *

Annotations:
D:3 Grinder


Innate Abilities, Weirdness & Mutations

You are immune to sickness and miasma.
Your stone body is resilient. (AC +3)
You are immune to poison.
You resist negative energy. (rN+)
You are resistant to electric shocks. (rElec)
You are resistant to unholy torment.
You are immune to petrification.


Message History

You now have 101 gold pieces (gained 4).
You now have 108 gold pieces (gained 7).
Grinder comes into view.
Grinder shouts!
Grinder is nearby!
Grinder blinks!
No target in view!
No target in view!
No target in view!
No target in view!
No target in view!
No target in view!
You block Grinder's attack.
You closely miss Grinder. Grinder barely misses you.
You closely miss Grinder. Grinder hits you!
Grinder blinks!
Found 5 stones.
You hit Grinder.
Grinder is lightly wounded.
Grinder gestures at you. Pain shoots through your body!
You barely miss Grinder.
Grinder is lightly wounded.
Grinder hits you.
You writhe in agony.
Grinder gestures at you. Pain shoots through your body!
You closely miss Grinder.
Grinder is lightly wounded.
Grinder hits you.
You writhe in agony.
* * * LOW HITPOINT WARNING * * *
You barely miss Grinder.
Grinder is lightly wounded.
Grinder gestures at you. You resist with significant effort.
You hit Grinder.
Grinder is lightly wounded.
Grinder gestures at you.
You barely resist. Grinder hits you!
* * * LOW HITPOINT WARNING * * *
You writhe in agony.
You die...

## #.# #.# #
#.########.#### ##
####....5@......# #.#
#.....######.##(#
#.##.##.## # #.#.#.##
#...## ##.## #########
#####.######.......#
#..........#.......#
......###.##.#.......#


You could see Grinder.

Vanquished Creatures
  An iguana (D:3)
  An adder (D:2)
  A worm (D:2)
  A dart slug (D:2)
  4 endoplasms (D:1)
  3 giant cockroaches
  3 goblins
  5 hobgoblins
  3 quokkas
  8 ball pythons
  4 bats
  A frilled lizard (D:1)
  4 kobolds
  2 rats
41 creatures vanquished.

Notes
Turn   | Place    | Note
-------+----------+-------------------------------------------
     0 | D:1      | bande the Gargoyle Fighter began the quest for the Orb.
     0 | D:1      | Reached XP level 1. HP: 14/14 MP: 1/1
   260 | D:1      | Reached XP level 2. HP: 19/19 MP: 2/2
   884 | D:1      | Found a faded altar of an unknown god.
  1028 | D:1      | Reached XP level 3. HP: 24/24 MP: 3/3
  1841 | D:2      | Found Wamaha's General Store.
  2226 | D:3      | Reached XP level 4. HP: 10/29 MP: 4/4
  2530 | D:3      | Noticed Grinder
  2547 | D:3      | HP: 1/29 [Grinder (7)]
  2547 | D:3      | Slain by Grinder

Illustrated notes

Levels and vault maps discovered:
D:1:      dpeg_arrival_snail, layout_loops_corners,
          hellmonk_ecumenical_altar_pennies_from_heaven, nicolae_titane
D:2:      layout_loops_corners, serial_shops, nicolae_shop_hallway_plus,
          minmay_bisected
D:3:      layout_loops_cross, uniq_grinder

Skill      XL: |  1  2  3 |
---------------+----------+-----
Axes           | 2 3 |  3.1
Fighting       | |  3.8
Armour         | |  3.7
Shields        | |  3.7

Action                   |  1- 3 |  4- 6 || total
-------------------------+-------+-------++-------
Melee: War axe           |    87 |    14 ||   101
  Use: Scroll            |     3 |     2 ||     5
Armor: Scale mail        |    48 |     7 ||    55
Dodge: Dodged            |    46 |     2 ||    48
Block: Buckler           |    22 |     1 ||    23

Table legend: (Time is in decaauts)
 A = Elapsed time spent in this place.
 B = Non-inter-level travel time spent in this place.
 C = Inter-level travel time spent in this place.
 D = Time resting spent in this place.
 E = Time spent auto-exploring this place.
 F = Levels seen in this place.
 G = Mean time per level.
                   A        B        C        D        E       F      G
               +--------+--------+--------+--------+--------+-----+--------+
         Total |   2591 |   2364 |    227 |    234 |   1789 |   3 |  863.7 |
       Dungeon |   2591 |   2364 |    227 |    234 |   1789 |   3 |  863.7 |
               +--------+--------+--------+--------+--------+-----+--------+

Top non-repeatable levels by time:
     D:1: 1293 daAuts
     D:2: 1193 daAuts
     D:3: 103 daAuts
